 Dungeon Crawl Stone Soup version 0.22.1-2-g9c5b331 (webtiles) character file.

791 THEFANG the Poker (level 7, -2/59 HPs)
             Began as a Pale Draconian Warper on Dec 20, 2018.
             Slain by Menkaure (14 damage)
             ... on level 5 of the Dungeon.
             The game lasted 00:41:28 (6109 turns).

THEFANG the Poker (Pale Draconian Warper)           Turns: 6109, Time: 00:41:29

Health: -2/59      AC:  6    Str: 14    XL:     7   Next: 57%
Magic:  11/11      EV: 13    Int: 13    God:
Gold:   234        SH:  0    Dex: 12    Spells: 10/12 levels left

rFire    . . .     SeeInvis .   a - +0 spear
rCold    . . .     Gourm    .   (no shield)
rNeg     + . .     Faith    .   (armour unavailable)
rPois    .         Spirit   .   (helmet restricted)
rElec    .         Reflect  .   (no cloak)
rCorr    .         Harm     .   (no gloves)
MR       .....                  (no boots)
Stlth    +++.......             (no amulet)
HPRegen  0.19/turn              e - ring of positive energy
MPRegen  0.12/turn              s - ring of stealth

@: no status effects
A: breathe steam, unfitting armour, cold-blooded, AC +6
a: Breathe Steam


You were on level 5 of the Dungeon.
You were not hungry.

You visited 1 branch of the dungeon, and saw 5 of its levels.

You collected 234 gold pieces.

Inventory:

Hand Weapons
 a - a +0 spear (weapon)
Missiles
 d - 2 tomahawks of dispersal (quivered)
 k - a throwing net
 v - 5 tomahawks
Jewellery
 e - a ring of positive energy (left hand)
 s - a ring of stealth (right hand)
Wands
 w - a wand of paralysis (17)
Scrolls
 c - a scroll of blinking
 g - a scroll of identify
 i - a scroll of amnesia {unknown}
 j - a scroll of immolation
 l - 3 scrolls of teleportation
 n - a scroll of fog
 o - a scroll of magic mapping {unknown}
 p - a scroll of random uselessness {unknown}
 q - a scroll of remove curse
Potions
 b - 2 potions of curing
 h - a potion of mutation {unknown}
 m - 2 potions of flight
 r - a potion of cancellation
 t - 2 potions of brilliance {unknown}
 u - a potion of haste {unknown}
Comestibles
 f - 6 rations


   Skills:
 + Level 4.2 Fighting
 + Level 5.7 Polearms
 + Level 1.3 Throwing
 + Level 4.0 Dodging
 + Level 2.0 Stealth
 + Level 3.0 Spellcasting
 + Level 3.4 Translocations


You had 10 spell levels left.
You knew the following spells:

 Your Spells              Type           Power        Failure   Level  Hunger
a - Blink                 Tloc           N/A          9%          2    ###....

Your spell library contained the following spells:

 Spells                   Type           Power        Failure   Level  Hunger
 Shroud of Golubria       Chrm/Tloc      #.........   17%         2    ###....
 Gell's Gravitas          Tloc           ##........   17%         3    ###....
 Lesser Beckoning         Tloc           ##........   17%         3    ###....
 Teleport Other           Tloc           ##......     17%         3    ###....
 Passage of Golubria      Tloc           N/A          50%         4    #####..


Dungeon Overview and Level Annotations

Branches:
Dungeon (5/15)
 Temple: D:4-7

Altars:
Ashenzari
Cheibriados
Kikubaaqudgha
Nemelex Xobeh
Qazlal
Vehumet
Beogh

Annotations:
D:4 3 runed doors, roflc0ptic's ghost, amateur MfTm
D:5 Menkaure


Innate Abilities, Weirdness & Mutations

You can breathe blasts of scalding, opaque steam.
Your pale cyan-grey scales are hard. (AC +6)
You cannot fit into any form of body armour.
You are cold-blooded and may be slowed by cold attacks.


Message History

Menkaure is almost destroyed.
Menkaure gestures at you while chanting.
Pain shoots through your body!
There is a stone staircase leading up here.
You closely miss Menkaure.
Menkaure is almost destroyed.
Menkaure casts a spell at you. Pain shoots through your body!
* * * LOW HITPOINT WARNING * * *
Menkaure calls on the powers of darkness!
Your body is wracked with pain!
* * * LOW HITPOINT WARNING * * *
You climb upwards.
Level annotation: 3 runed doors, roflc0ptic's ghost, amateur MfTm
There is a stone staircase leading down here.
Menkaure closely misses you.
You climb downwards.
There is a stone staircase leading up here.
Menkaure hits you!
You die...

# #>...#%## .
#.# .......##
..#.#.........#
..(..#.......#
..#...$.......#
#....#.......##
#...........
#.@M......
####....##
...#. #+#


You could see Menkaure.

Vanquished Creatures
  Grinder (D:3)
  Sigmund (D:3)
  An ogre (D:4)
  2 scorpions (D:4)
  2 hounds
  Terence (D:3)
  An iguana (D:4)
  A worker ant (D:4)
  8 adders
  An ooze (D:2)
  2 worms
  A dart slug (D:4)
  2 leopard geckos
  5 orcs (D:4)
  6 bats
  10 goblins
  9 hobgoblins
  A quokka (D:3)
  3 frilled lizards
  3 kobolds (D:1)
  3 rats
64 creatures vanquished.

Notes
Turn   | Place    | Note
-------+----------+-------------------------------------------
     0 | D:1      | THEFANG the Draconian Warper began the quest for the Orb.
     0 | D:1      | Reached XP level 1. HP: 17/17 MP: 3/3
    32 | D:1      | Reached skill level 1 in Throwing
   318 | D:1      | Reached XP level 2. HP: 18/24 MP: 5/5
  1187 | D:2      | Reached XP level 3. HP: 18/30 MP: 6/6
  1308 | D:2      | Learned a level 2 spell: Blink
  1608 | D:2      | Reached XP level 4. HP: 32/37 MP: 7/7
  1772 | D:2      | Reached skill level 3 in Polearms
  2245 | D:2      | Found a sparkling altar of Nemelex Xobeh.
  2631 | D:3      | Reached XP level 5. HP: 39/42 MP: 8/8
  2802 | D:3      | Noticed Terence
  2844 | D:3      | Killed Terence
  3138 | D:3      | Noticed Grinder
  3143 | D:3      | Paralysed by Grinder for 3 turns
  3206 | D:3      | Paralysed by Grinder for 4 turns
  3218 | D:3      | Paralysed by Grinder for 4 turns
  3233 | D:3      | Paralysed by Grinder for 6 turns
  3390 | D:3      | Paralysed by Grinder for 7 turns
  3501 | D:3      | Paralysed by Grinder for 6 turns
  3506 | D:3      | HP: 2/44 [Grinder (1)]
  3828 | D:3      | Killed Grinder
  3828 | D:3      | Reached skill level 4 in Polearms
  3828 | D:3      | Reached XP level 6. HP: 20/51 MP: 8/10
  4014 | D:3      | Noticed Sigmund
  4044 | D:3      | Killed Sigmund
  4044 | D:3      | Reached skill level 5 in Polearms
  4044 | D:3      | Reached skill level 1 in Stealth
  4044 | D:3      | Your scales start taking on a pale cyan-grey colour.
  4044 | D:3      | Reached XP level 7. HP: 24/58 MP: 11/11
  4401 | D:4      | Found an ancient bone altar of Kikubaaqudgha.
  4402 | D:4      | Found a snail-covered altar of Cheibriados.
  4402 | D:4      | Found a radiant altar of Vehumet.
  4403 | D:4      | Found a shattered altar of Ashenzari.
  4955 | D:4      | Found a stormy altar of Qazlal.
  5041 | D:4      | Paralysed by an orc for 7 turns
  5212 | D:4      | Found a shattered altar of Ashenzari.
  5795 | D:4      | Noticed roflc0ptic's ghost (amateur MfTm)
  5796 | D:4      | Found a runed gate.
  5796 | D:4      | Found a runed gate.
  5796 | D:4      | Found a runed gate.
  5804 | D:4      | Found a roughly hewn altar of Beogh.
  6093 | D:5      | Entered Level 5 of the Dungeon
  6093 | D:5      | Noticed Menkaure
  6109 | D:5      | Slain by Menkaure

Skill      XL: |  1  2  3  4  5  6  7 |
---------------+----------------------+-----
Throwing       | 1 |  1.3
Polearms       | 3 4 5 |  5.7
Dodging        | 3 4 |  4.0
Fighting       | 3 4 |  4.2
Stealth        | 1 2 |  2.0
Spellcasting   | 3 |  3.0
Translocations | |  3.4

Action                   |  1- 3 |  4- 6 |  7- 9 || total
-------------------------+-------+-------+-------++-------
Melee: Spear             |    80 |   232 |   149 ||   461
       Tailslap          |     4 |    26 |    25 ||    55
Throw: Tomahawk          |     1 |     2 |       ||     3
 Cast: Blink             |       |     2 |       ||     2
  Use: Potion            |       |     6 |       ||     6
       Scroll            |       |     5 |       ||     5
 Stab: Sleeping          |     1 |       |     4 ||     5
  Eat: Ration            |     1 |     2 |     2 ||     5
Armor: Skin              |    26 |    45 |    26 ||    97
Dodge: Dodged            |    39 |   110 |    64 ||   213
